Arrhythmia, neutral female human Tourist ################### -------------------------------- ---------- #|........[.....................| |........-# #|.-------|-------------..-----.| |..<.....|### #|.|....|..|...|....|..|..| |.| |........-######|f|....|..|..)|....|..+..- |.| |........| #####Y@---|----|..)||------|..| |.| ----------#### #|......|..|..)|.|..|..|.-- |.| # #|.----.|..|--|-.|..|..|. |.| ## #|.|..).-+--..{..--||..|.| |.| #|.|..|...[.}.}.....--|-.| |.| #|.|---|---.-----|-......| |.| #|.|..|...|.+..|..|---+-------|.| |.|..|.((|.|..|..|. |#.|%!.-.| |.|..|(.(|.---|..|. |..|...|.| |.-+------..{.---------|------.| |..........)...................| -------------------------------- Arrhythmia the Excursionist Experience level: 8 Strength: 12 Dexterity: 15 Constitution: 17 Intelligence: 14 Wisdom: 8 Charisma: 13 Health: 0(74) Energy: 30(30) AC: -1 Gold: 1162 Moves: 4789 Your Inventory: Coins $ - 1162 gold pieces Weapons i - an [uncursed +0] runed broadsword [elven] D - a cursed thoroughly rusty [-1] dagger (weapon in hand) Armor l - an uncursed +0 Hawaiian shirt (being worn) q - an [uncursed] +1 pair of hard shoes [iron] (being worn) y - an [uncursed] +1 hooded cloak [dwarvish] (being worn) J - a [cursed +0] Hawaiian shirt Z - an [uncursed] +1 dwarvish mithril-coat (being worn) Comestibles b - 9 uncursed food rations c - an uncursed cram ration e - an [uncursed stale] egg L - 2 [cursed] tripe rations Scrolls j - 3 uncursed scrolls of magic mapping B - an [uncursed] scroll labeled ANDOVA BEGARIN [of identify] H - an [uncursed] scroll labeled PHOL ENDE WODAN [of punishment] S - 4 [cursed] scrolls of magic mapping Tools f - 7 [uncursed tallow] candles h - 5 [uncursed wax] candles m - an uncursed expensive camera (0:82) n - an uncursed credit card t - an [uncursed] looking glass [mirror] x - an [uncursed] key [skeleton key] V - a [cursed] expensive camera [0:39] W - a [cursed] lock pick Gems g - an [uncursed] green gem [worthless glass] p - 2 [uncursed] black gems [worthless glass] C - an [uncursed] gray stone [touchstone] E - 2 [uncursed] red gems [worthless glass] K - an [uncursed] yellow gem [worthless glass] O - 3 [uncursed] yellowish brown gems [worthless glass] Spells known in the end: Name Level Category Fail Memory Your skills at the end: Fighting Skills Weapon Skills dart [Basic / Expert] Spellcasting Skills Final Attributes: You were piously aligned. Hunger level was 479. Your alignment was 33 / 33. Monster difficulty range was 1 - 7. Level difficulty was 6. You were lucky (1). You are dead. Vanquished creatures: a ghost a watchman 2 wolves 2 leprechauns a gnome king 4 brown puddings a dingo a Woodland-elf 2 wood nymphs an orc shaman a rock mole a fog cloud 4 gnome lords 4 gnomish wizards a red naga hatchling an elf zombie a kitten 11 dwarves a kobold shaman 2 centipedes 3 monkeys a werejackal an iguana 2 coyotes 3 hobbits a brown mold a red mold 42 gnomes a gecko 4 jackals 2 kobolds 2 goblins a sewer rat a grid bug a bat 3 lichens 3 newts 115 creatures vanquished. Voluntary challenges: You were an atheist. You used a wielded weapon 175 times. You read items or engraved 323 times. You put on armor 15 times. You never genocided any monsters. You never polymorphed an object. You never changed form. You used no wishes. You wrote Elbereth's name 151 times. You encountered 1 bones level. You never used any Sokoban shortcuts. Dungeon overview: The Dungeons of Doom: levels 1 to 2 Level 1 some fountains a long staircase Level 2 stairs to The Gnomish Mines The Gnomish Mines: levels 3 to 6 Level 3 stairs to The Dungeons of Doom Level 6 <- You were here some shops, some fountains, a sink History has recorded: On T:1 you entered the Dungeons of Doom to retrieve the Amulet of Yendor! On T:522 you reached level 2 of The Dungeons of Doom. On T:969 you advanced to experience level 2. On T:1101 you reached level 1 of The Gnomish Mines. On T:1534 you advanced to experience level 3. On T:1577 you advanced to experience level 4. On T:1753 you advanced to experience level 5. On T:2747 you advanced to experience level 6. On T:2782 you reached level 2 of The Gnomish Mines. On T:3137 you advanced to experience level 7. On T:3440 you reached level 3 of The Gnomish Mines. On T:4049 you advanced to experience level 8. On T:4419 you reached level 4 of The Gnomish Mines. Latest messages: Katia misses the Woodland-elf. [HP+1=14] Katia bites the Woodland-elf. The Woodland-elf is killed! [HP+1=15] i - a runed broadsword. You finish wearing a +1 pair of hard shoes. [2 turns] You wear a +1 hooded cloak. [HP+1=16] You drop a hooded cloak. [HP+1=17] [HP+1=18] You miss the owlbear. The owlbear misses. (2x) You miss the owlbear. The owlbear hits! (2x) [HP-10=8] You hit the owlbear. The owlbear hits! (2x) You die... Final status: Aloha Arrhythmia the Tourist... You died in The Gnomish Mines on dungeon level 6 with 3541 points, and 1162 pieces of gold, after 4789 moves. You were level 8 with a maximum of 74 hit points when you died.